 Dungeon Crawl Stone Soup version 0.16-a0-4056-gee4db93 (webtiles) character file.

433 Gronka the Covered (level 6, 0/56 HPs)
             Began as a Minotaur Fighter on Feb 20, 2015.
             Slain by an ice beast (14 damage)
             ... on level 4 of the Dungeon.
             The game lasted 00:04:57 (2142 turns).

Gronka the Covered (Minotaur Fighter)               Turns: 2142, Time: 00:04:57

Health: 0/56       AC: 12    Str: 22    XL:     6   Next: 67%
Magic:  3/3        EV:  7    Int:  5    God:
Gold:   169        SH:  0    Dex: 10    Spells: 0 memorised, 5 levels left

rFire  . . .     SeeInvis .     q - +0 halberd
rCold  . . .     Clarity  .     l - +0 plate armour
rNeg   . . .     SustAb   .     (no shield)
rPois  .         Gourm    .     (helmet restricted)
rElec  .         Spirit   .     (no cloak)
rCorr  .         Warding  .     (no gloves)
rMut   .         Stasis   +     (no boots)
MR     .....                    x - amulet of stasis
Stlth  ..........               (no ring)
                                (no ring)

@: not resistant to hostile enchantments, extremely unstealthy
A: retaliatory headbutt, horns 2
a: no special abilities


You were on level 4 of the Dungeon.
You were not hungry.

You visited 1 branch of the dungeon, and saw 4 of its levels.
You also visited: Sewer.

You collected 169 gold pieces.

Inventory:

Hand weapons
 a - a +0 trident
 q - a +0 halberd (weapon)
Armour
 b - a +0 scale mail
 c - a +0 shield
 l - a +0 plate armour (worn)
Jewellery
 x - an amulet of stasis (around neck)
Magical devices
 v - a wand of magic darts (21)
Scrolls
 f - 5 scrolls of identify {unknown}
 g - 3 scrolls of remove curse {unknown}
 j - a scroll of fear {unknown}
 k - a scroll of enchant armour {unknown}
 n - a scroll of noise {unknown}
 y - a scroll of amnesia {unknown}
 z - a scroll of immolation {unknown}
 A - a scroll of blinking {unknown}
Potions
 e - a potion of might
 h - a potion of beneficial mutation {unknown}
 i - a potion of brilliance {unknown}
 m - a potion of flight {unknown}
 o - a potion of magic {unknown}
 p - a potion of curing
 s - 2 potions of lignification {unknown}
 t - a potion of ambrosia {unknown}
 u - a potion of haste {unknown}
 w - a potion of poison {unknown}
 B - 3 potions of agility {unknown}
 C - a potion of mutation {unknown}
Comestibles
 d - 2 bread rations
 r - 3 meat rations


   Skills:
 + Level 5.3 Fighting
 + Level 4.4 Polearms
 + Level 5.9 Armour
 + Level 1.4 Dodging
 + Level 0.6 Stealth
 + Level 4.9 Shields


You had 5 spell levels left.
You didn't know any spells.

Dungeon Overview and Level Annotations

Branches:
Dungeon (4/15)
 Temple: D:4-7

Altars:
Dithmenos
Qazlal


Innate Abilities, Weirdness & Mutations

You reflexively headbutt those who attack you in melee.
You have a pair of horns on your head.


Message History

The centaur shoots an arrow.
The arrow hits you but does no damage. The ice beast barely misses you.
The ice beast hits you but does no damage.
You hit the centaur but do no damage. The centaur hits you with a shortbow.
* * * LOW HITPOINT WARNING * * *
The ice beast hits you but does no damage.
The centaur barely misses you.
You are too injured to fight recklessly!
You are too injured to fight recklessly!
You are too injured to fight recklessly!
You hit the centaur. Your headbutt misses the centaur.
The centaur is lightly wounded.
The centaur barely misses you.
The ice beast hits you but does no damage.
You puncture the centaur! You headbutt the centaur!
You kill the centaur!
The ice beast hits you.
* * * LOW HITPOINT WARNING * * *
The ice beast freezes you!
You die...

#############
##.....#.....##
##..<.....[....#
#...............
#.....(.).......#
#......(@........
#.....(.Y..$.....
#....(....<.....
#...............
##.............#
##.....#.....#
#######..... ####


You could see an ice beast.

Vanquished Creatures
  Purgy (Sewer)
  A centaur (D:4)
  2 orc wizards (D:3)
  An iguana (D:3)
  Ijyb (D:2)
  Jessica (D:2)
  3 gnolls (D:2)
  Robin (D:2)
  An adder (D:3)
  2 worms
  3 giant mites
  5 giant geckos
  3 orcs (D:3)
  7 bats
  8 goblins
  5 hobgoblins
  8 kobolds
  3 giant cockroaches
  4 giant newts
  6 rats
66 creatures vanquished.

Notes
Turn   | Place    | Note
--------------------------------------------------------------
     0 | D:1      | Gronka, the Minotaur Fighter, began the quest for the Orb.
     0 | D:1      | Reached XP level 1. HP: 19/19 MP: 1/1
   111 | D:1      | Reached XP level 2. HP: 17/27 MP: 1/1
   256 | D:1      | Reached skill level 4 in Fighting
   502 | D:2      | Reached XP level 3. HP: 30/33 MP: 2/2
   567 | D:2      | Noticed Jessica
   577 | D:2      | Killed Jessica
   580 | D:2      | Noticed Ijyb
   601 | D:2      | Killed Ijyb
   601 | D:2      | Reached skill level 1 in Dodging
   642 | D:2      | Reached XP level 4. HP: 39/41 MP: 2/2
  1114 | D:2      | Noticed Robin
  1128 | D:2      | Killed Robin
  1315 | D:3      | Found a stormy altar of Qazlal.
  1330 | D:3      | Found a shadowy altar of Dithmenos.
  1444 | D:3      | Reached XP level 5. HP: 47/47 MP: 2/2
  1584 | D:3      | Reached skill level 5 in Armour
  1587 | D:3      | Reached skill level 5 in Fighting
  1740 | D:3      | Found a glowing drain.
  1754 | Sewer    | Entered a sewer
  1757 | Sewer    | Noticed Purgy
  1772 | Sewer    | Killed Purgy
  1772 | Sewer    | Reached XP level 6. HP: 29/56 MP: 3/3
  2142 | D:4      | Slain by an ice beast

Action                   |  1- 3 |  4- 6 || total
-------------------------+-------+-------++-------
Melee: Trident           |    85 |     7 ||    92
       Halberd           |       |   132 ||   132
  Use: Potion            |       |     1 ||     1
 Stab: Distracted        |       |     1 ||     1
  Eat: Bread ration      |       |     1 ||     1
